TOP OF THE 1ST |
San Diego Padres batting - Pitching for Milwaukee Brewers : LHP Jay Garza
|
Pitching: LHP Jay Garza
|
|
Batting: RHB Alfredo Sanchez
|
0-0: Fly out, F2 (Popup, 23F, EV 81.3 MPH)
|
Batting: RHB Ben Culligan
|
0-0: Ball 1-0: Ball 2-0: Called Strike 2-1: Foul Ball, location: 2F 2-2: Strikes out looking
|
Batting: RHB Daniel Silva
|
0-0: Ball 1-0: Ball 2-0: Ball 3-0: Base on Balls
|
Batting: RHB Randy Wilson
|
0-0: Swinging Strike 0-1: Called Strike 0-2: Foul Ball, location: 7LSFF 0-2: Ball 1-2: Strikes out swinging
|
Top of the 1st over - 0 runs, 0 hits, 0 errors, 1 left on base; San Diego 0 - Milwaukee 0 |
BOTTOM OF THE 1ST |
Milwaukee Brewers batting - Pitching for San Diego Padres : RHP Vinny Herrick
|
Pitching: RHP Vinny Herrick
|
|
Batting: RHB Earl Boivin
|
0-0: Swinging Strike 0-1: Ball 1-1: Bunt for hit to 25 - play at first, batter OUT! 5-3
|
Batting: LHB Kyle Archibeque
|
0-0: Ball 1-0: Fly out, F6 (Flyball, 6D, EV 95.6 MPH)
|
Batting: RHB Ramon Carrion
|
0-0: Called Strike 0-1: Ground out 6-3 (Groundball, 4M, EV 76.9 MPH)
|
Bottom of the 1st over - 0 runs, 0 hits, 0 errors, 0 left on base; San Diego 0 - Milwaukee 0 |
TOP OF THE 2ND |
San Diego Padres batting - Pitching for Milwaukee Brewers : LHP Jay Garza
|
Batting: RHB Brian Patrick
|
0-0: Ball 1-0: Swinging Strike 1-1: Ball 2-1: Foul Ball, location: 9LMF 2-2: Ground out 6-3 (Groundball, 6S, EV 65.0 MPH)
|
Batting: RHB Ray Parker
|
0-0: Ball 1-0: Ball 2-0: Called Strike 2-1: SINGLE (Flyball, 34D, EV 94.4 MPH)
|
Batting: RHB Mike McNamara
|
0-0: Called Strike 0-1: Ball 1-1: Swinging Strike 1-2: Strikes out looking
|
Batting: RHB Daniel Thompson
|
0-0: Called Strike 0-1: Ball 1-1: Ball 2-1: Foul Ball, location: 2LF 2-2: Foul Ball, location: 9LMF 2-2: Foul Ball, location: 5F 2-2: Ball 3-2: Ground out 6-3 (Groundball, 6, EV 85.0 MPH)
|
Top of the 2nd over - 0 runs, 1 hit, 0 errors, 1 left on base; San Diego 0 - Milwaukee 0 |
BOTTOM OF THE 2ND |
Milwaukee Brewers batting - Pitching for San Diego Padres : RHP Vinny Herrick
|
Batting: RHB Walt Baranyi
|
0-0: Ball 1-0: Ball 2-0: Called Strike 2-1: Ball 3-1: Base on Balls
|
Batting: LHB Jason Stanislaw
|
0-0: Ball 1-0: Foul Ball, location: 9LMF 1-1: Fly out, F9 (Flyball, 9, EV 81.3 MPH)
|
Batting: RHB Eric Cobb
|
0-0: Ball 1-0: Foul Ball, location: 9LSF 1-1: Ball 2-1: Ball 3-1: Fly out, F5 (Line Drive, 56, EV 75.0 MPH)
|
Batting: RHB Dennis Schickel
|
0-0: Swinging Strike Pickoff Throw to First - Error! E1 Walt Baranyi to second 0-1: Ball 1-1: Foul Ball, location: 2F 1-2: Ball 2-2: Strikes out looking
|
Bottom of the 2nd over - 0 runs, 0 hits, 1 error, 1 left on base; San Diego 0 - Milwaukee 0 |
TOP OF THE 3RD |
San Diego Padres batting - Pitching for Milwaukee Brewers : LHP Jay Garza
|
Batting: RHB Jaden Dorsey
|
0-0: Ground out 4-3 (Groundball, 13, EV 81.3 MPH)
|
Batting: RHB Alfredo Sanchez
|
0-0: Called Strike 0-1: Ball 1-1: Ball 2-1: Ground out 4-3 (Groundball, 34, EV 85.6 MPH)
|
Batting: RHB Ben Culligan
|
0-0: Called Strike 0-1: Foul Ball, location: 2F 0-2: Ball 1-2: Foul Ball, location: 5DF 1-2: Ball 2-2: SINGLE (Groundball, 6MD, EV 110.6 MPH)
|
Batting: RHB Daniel Silva
|
0-0: Ball 1-0: Foul Ball, location: 3DF 1-1: Ball 2-1: DOUBLE (Line Drive, 9LS, EV 106.9 MPH) Ben Culligan to third Runner from 3rd tries for Home, SAFE, throw by RF to trailing runner, SAFE at third!
|
Batting: RHB Randy Wilson
|
0-0: Called Strike 0-1: Ball 1-1: Foul Ball, location: 25FF 1-2: Strikes out swinging
|
Top of the 3rd over - 1 run, 2 hits, 0 errors, 1 left on base; San Diego 1 - Milwaukee 0 |
BOTTOM OF THE 3RD |
Milwaukee Brewers batting - Pitching for San Diego Padres : RHP Vinny Herrick
|
Batting: RHB Matt Tennant
|
0-0: Foul Ball, location: 5F 0-1: Foul Ball, location: 3F 0-2: Ball 1-2: DOUBLE (Line Drive, 7LM, EV 107.5 MPH)
|
Batting: RHB Joe Boyer
|
0-0: Ball 1-0: Ball 2-0: Foul Ball, location: 7LDF 2-1: Foul Ball, location: 3DF 2-2: Ball 3-2: Strikes out swinging
|
Pitching: LHP Steve Gallagher
|
|
Batting: RHB Earl Boivin
|
0-0: Swinging Strike 0-1: Ball 1-1: Ground out 4-3 (Groundball, 4, EV 101.9 MPH) Matt Tennant to third
|
Batting: LHB Kyle Archibeque
|
0-0: Ball 1-0: Called Strike 1-1: Foul Ball, location: 3F 1-2: Foul Ball, location: 3F 1-2: SINGLE (Groundball, 6MD, EV 104.4 MPH) Matt Tennant scores
|
Batting: RHB Ramon Carrion
|
0-0: Foul Ball, location: 2F 0-1: Ball Kyle Archibeque is caught stealing 2nd base 2-4
|
Bottom of the 3rd over - 1 run, 2 hits, 0 errors, 0 left on base; San Diego 1 - Milwaukee 1 |
TOP OF THE 4TH |
San Diego Padres batting - Pitching for Milwaukee Brewers : LHP Jay Garza
|
Batting: RHB Brian Patrick
|
0-0: Ground out 6-3 (Groundball, 6, EV 83.8 MPH)
|
Batting: RHB Ray Parker
|
0-0: Reached on error, E5 (Groundball, 56, EV 107.5 MPH)
|
Batting: RHB Mike McNamara
|
0-0: Ball 1-0: Foul Ball, location: 2F 1-1: Ball 2-1: Foul Ball, location: 7LDF 2-2: Ball 3-2: Base on Balls Ray Parker to second
|
Batting: RHB Daniel Thompson
|
0-0: Fly out, F9 (Flyball, 89M, EV 88.8 MPH)
|
Batting: RHB Jaden Dorsey
|
0-0: Ball 1-0: Called Strike 1-1: Called Strike 1-2: Fly out, F7 (Line Drive, 7, EV 92.5 MPH)
|
Top of the 4th over - 0 runs, 0 hits, 1 error, 2 left on base; San Diego 1 - Milwaukee 1 |
BOTTOM OF THE 4TH |
Milwaukee Brewers batting - Pitching for San Diego Padres : LHP Steve Gallagher
|
Batting: RHB Ramon Carrion
|
0-0: Called Strike 0-1: SINGLE (Groundball, 4MD, EV 96.3 MPH)
|
Batting: RHB Walt Baranyi
|
0-0: Ball 1-0: Ball 2-0: Called Strike 2-1: Ball 3-1: Foul Ball, location: 2F 3-2: Base on Balls Ramon Carrion to second
|
Batting: LHB Jason Stanislaw
|
0-0: Called Strike 0-1: Swinging Strike 0-2: Strikes out swinging
|
Batting: RHB Eric Cobb
|
0-0: Ball 1-0: Ball 2-0: Foul Ball, location: 23F 2-1: Foul Ball, location: 2F 2-2: Ball 3-2: Fly out, F7 (Flyball, 7, EV 96.9 MPH)
|
Batting: RHB Dennis Schickel
|
0-0: Called Strike 0-1: Foul Ball, location: 2LF 0-2: Strikes out swinging
|
Bottom of the 4th over - 0 runs, 1 hit, 0 errors, 2 left on base; San Diego 1 - Milwaukee 1 |
TOP OF THE 5TH |
San Diego Padres batting - Pitching for Milwaukee Brewers : LHP Jay Garza
|
Batting: RHB Alfredo Sanchez
|
0-0: Foul Ball, location: 5F 0-1: Ball 1-1: Fly out, F8 (Flyball, 78D, EV 91.9 MPH)
|
Batting: RHB Ben Culligan
|
0-0: Swinging Strike 0-1: Ball 1-1: Ball 2-1: Foul Ball, location: 2F 2-2: Strikes out swinging
|
Batting: RHB Daniel Silva
|
0-0: Ball 1-0: Called Strike 1-1: Ball 2-1: Fly out, F8 (Flyball, 89S, EV 94.4 MPH)
|
Top of the 5th over - 0 runs, 0 hits, 0 errors, 0 left on base; San Diego 1 - Milwaukee 1 |
BOTTOM OF THE 5TH |
Milwaukee Brewers batting - Pitching for San Diego Padres : LHP Steve Gallagher
|
Batting: RHB Matt Tennant
|
0-0: Foul Ball, location: 3FF 0-1: Called Strike 0-2: Ball 1-2: Strikes out swinging
|
Batting: RHB Joe Boyer
|
0-0: Called Strike 0-1: Ball 1-1: SINGLE (Line Drive, 89S, EV 97.5 MPH)
|
Pitching: LHP Frank Scola
|
|
Batting: RHB Earl Boivin
|
0-0: Ball 1-0: Ball 2-0: Fly out, F3 (Popup, 34, EV 61.9 MPH)
|
Batting: LHB Kyle Archibeque
|
0-0: Foul Ball, location: 2F 0-1: Swinging Strike 0-2: Fly out, F7 (Flyball, 78M, EV 86.9 MPH)
|
Bottom of the 5th over - 0 runs, 1 hit, 0 errors, 1 left on base; San Diego 1 - Milwaukee 1 |
TOP OF THE 6TH |
San Diego Padres batting - Pitching for Milwaukee Brewers : LHP Jay Garza
|
Batting: RHB Randy Wilson
|
0-0: Ball 1-0: Called Strike 1-1: Foul Ball, location: 5FF 1-2: Ball 2-2: Foul Ball, location: 2F 2-2: Ball 3-2: Ground out 6-3 (Groundball, 6MD, EV 98.8 MPH)
|
Batting: RHB Brian Patrick
|
0-0: DOUBLE (Line Drive, 7LM, EV 104.4 MPH)
|
Batting: RHB Ray Parker
|
0-0: Called Strike 0-1: Ball 1-1: Swinging Strike 1-2: DOUBLE (Line Drive, 3D, EV 100.6 MPH) Brian Patrick scores
|
Batting: RHB Mike McNamara
|
0-0: Ball 1-0: Ball 2-0: Called Strike 2-1: Swinging Strike 2-2: Ground out 4-3 (Groundball, 4, EV 100.6 MPH) Ray Parker to third
|
Batting: RHB Daniel Thompson
|
0-0: Called Strike 0-1: Swinging Strike 0-2: Ball 1-2: Ball 2-2: Foul Ball, location: 2F 2-2: Strikes out swinging
|
Top of the 6th over - 1 run, 2 hits, 0 errors, 1 left on base; San Diego 2 - Milwaukee 1 |
BOTTOM OF THE 6TH |
Milwaukee Brewers batting - Pitching for San Diego Padres : LHP Frank Scola
|
Batting: RHB Ramon Carrion
|
0-0: Ball 1-0: Ball 2-0: Ball 3-0: Called Strike 3-1: Swinging Strike 3-2: Foul Ball, location: 5FF 3-2: Foul Ball, location: 5F 3-2: Foul Ball, location: 2F 3-2: Strikes out looking
|
Batting: RHB Walt Baranyi
|
0-0: Ball 1-0: Hit by Pitch
|
Batting: LHB Jason Stanislaw
|
0-0: Called Strike 0-1: SINGLE (Line Drive, 6D, EV 96.9 MPH) Walt Baranyi to second
|
Batting: RHB Eric Cobb
|
0-0: Ball 1-0: Foul Ball, location: 7LSFF 1-1: Fly out, F9 (Flyball, 9S, EV 96.3 MPH)
|
Batting: RHB Dennis Schickel
|
0-0: Called Strike 0-1: Ball 1-1: Called Strike 1-2: Ball 2-2: Ball 3-2: Strikes out swinging
|
Bottom of the 6th over - 0 runs, 1 hit, 0 errors, 2 left on base; San Diego 2 - Milwaukee 1 |
TOP OF THE 7TH |
San Diego Padres batting - Pitching for Milwaukee Brewers : LHP Jay Garza
|
Pitching: LHP Dave Buskey
|
|
Batting: RHB Jaden Dorsey
|
0-0: Ball 1-0: Called Strike 1-1: Called Strike 1-2: Ball 2-2: Strikes out looking
|
Batting: RHB Alfredo Sanchez
|
0-0: Called Strike 0-1: Ball 1-1: Foul Ball, location: 7LMFF 1-2: Ball 2-2: Ground out 5-3 (Groundball, 5L, EV 100.6 MPH)
|
Batting: RHB Ben Culligan
|
0-0: Ball 1-0: Called Strike 1-1: Called Strike 1-2: Strikes out swinging
|
Top of the 7th over - 0 runs, 0 hits, 0 errors, 0 left on base; San Diego 2 - Milwaukee 1 |
BOTTOM OF THE 7TH |
Milwaukee Brewers batting - Pitching for San Diego Padres : LHP Frank Scola
|
Pitching: LHP Matt Magruder
|
|
Batting: RHB Matt Tennant
|
0-0: Ball 1-0: Called Strike 1-1: Ball 2-1: Called Strike 2-2: Foul Ball, location: 5FF 2-2: Foul Ball, location: 3FF 2-2: Strikes out swinging
|
Batting: RHB Joe Boyer
|
0-0: Called Strike 0-1: Foul Ball, location: 2F 0-2: Foul Ball, location: 2F 0-2: Ball 1-2: Strikes out swinging
|
Batting: RHB Earl Boivin
|
0-0: Ball 1-0: Called Strike 1-1: Ball 2-1: Ball 3-1: Foul Ball, location: 2F 3-2: Fly out, F8 (Line Drive, 8RM, EV 90.6 MPH)
|
Bottom of the 7th over - 0 runs, 0 hits, 0 errors, 0 left on base; San Diego 2 - Milwaukee 1 |
TOP OF THE 8TH |
San Diego Padres batting - Pitching for Milwaukee Brewers : LHP Dave Buskey
|
Batting: RHB Daniel Silva
|
0-0: Swinging Strike 0-1: Called Strike 0-2: Ball 1-2: Fly out, F9 (Flyball, 9, EV 83.8 MPH)
|
Batting: RHB Randy Wilson
|
0-0: Called Strike 0-1: Called Strike 0-2: Ball 1-2: Strikes out swinging
|
Batting: RHB Brian Patrick
|
0-0: Called Strike 0-1: Ball 1-1: Called Strike 1-2: Strikes out swinging
|
Top of the 8th over - 0 runs, 0 hits, 0 errors, 0 left on base; San Diego 2 - Milwaukee 1 |
BOTTOM OF THE 8TH |
Milwaukee Brewers batting - Pitching for San Diego Padres : LHP Matt Magruder
|
Batting: LHB Kyle Archibeque
|
0-0: Called Strike 0-1: Ball 1-1: Ball 2-1: Foul Ball, location: 5SF 2-2: Ball 3-2: Foul Ball, location: 9LMF 3-2: DOUBLE (Flyball, 8RXD, EV 98.1 MPH)
|
Batting: RHB Ramon Carrion
|
0-0: Ball 1-0: Ball 2-0: Ball 3-0: Base on Balls
|
Pitching: RHP Ricky Aguilera
|
|
Pinch Hitting: LHB Bryan Lupo
|
0-0: Called Strike 0-1: Ball 1-1: Foul Ball, location: 3F 1-2: Strikes out looking
|
Batting: LHB Jason Stanislaw
|
0-0: Called Strike 0-1: Called Strike 0-2: Fly out, F7 (Line Drive, 7S, EV 95.0 MPH)
|
Batting: RHB Eric Cobb
|
0-0: Ball 1-0: Foul Ball, location: 25F 1-1: Called Strike 1-2: Strikes out looking
|
Bottom of the 8th over - 0 runs, 1 hit, 0 errors, 2 left on base; San Diego 2 - Milwaukee 1 |
TOP OF THE 9TH |
San Diego Padres batting - Pitching for Milwaukee Brewers : LHP Dave Buskey
|
Now at 3B: Kyle Brent
|
|
Now at SS: Matt Tennant
|
|
Batting: RHB Ray Parker
|
0-0: Fly out, F9 (Flyball, 9LM, EV 91.9 MPH)
|
Batting: RHB Mike McNamara
|
0-0: Ball 1-0: Called Strike 1-1: Foul Ball, location: 2F 1-2: Ground out 6-3 (Groundball, 6, EV 104.4 MPH)
|
Batting: RHB Daniel Thompson
|
0-0: Called Strike 0-1: Ground out 4-3 (Groundball, 4MD, EV 102.5 MPH)
|
Top of the 9th over - 0 runs, 0 hits, 0 errors, 0 left on base; San Diego 2 - Milwaukee 1 |
BOTTOM OF THE 9TH |
Milwaukee Brewers batting - Pitching for San Diego Padres : RHP Ricky Aguilera
|
Batting: RHB Dennis Schickel
|
0-0: Foul Ball, location: 2F 0-1: Ball 1-1: Foul Ball, location: 9LSF 1-2: Ball 2-2: Fly out, F7 (Line Drive, 7, EV 106.9 MPH)
|
Batting: RHB Matt Tennant
|
0-0: Foul Ball, location: 2F 0-1: Ball 1-1: Called Strike 1-2: Ball 2-2: Ball 3-2: Ground out 6-3 (Groundball, 6M, EV 87.5 MPH)
|
Batting: RHB Joe Boyer
|
0-0: Fly out, F8 (Flyball, 8LXD, EV 99.4 MPH)
|
Bottom of the 9th over - 0 runs, 0 hits, 0 errors, 0 left on base; San Diego 2 - Milwaukee 1 |
|